 Dungeon Sprint DCSS version 0.23.2-30-g0e89c35649 (webtiles) character file.

Game seed: 7081638338774973875

39 HASTUR3 the Insei (level 3, -4/23 HPs)
             Began as an Octopode Transmuter on June 19, 2019.
             Slain by a water elemental (16 damage)
             ... in the Dungeon (Sprint III: "The Ten Rune Challenge").
             The game lasted 00:02:16 (377 turns).

HASTUR3 the Insei (Octopode Transmuter)              Turns: 377, Time: 00:02:17

Health: -4/23      AC:  1    Str: 10    XL:     3   Next: 45%
Magic:  5/6        EV: 13    Int: 15    God:
Gold:   19         SH:  0    Dex: 12    Spells: 5/6 levels left

rFire    . . .     SeeInvis .     - Unarmed
rCold    . . .     Gourm    .   (no shield)
rNeg     . . .     Faith    .   (helmet restricted)
rPois    .         Spirit   .   (no amulet)
rElec    .         Reflect  .   (no ring)
rCorr    .         Harm     .   (no ring)
MR       .....     NoTele   +   (no ring)
Stlth    ++........             (no ring)
HPRegen  0.07/turn              (no ring)
MPRegen  0.10/turn              (no ring)
                                (no ring)
                                (no ring)

@: appendage, engulfed
A: almost no armour, stealthy swim, amphibious, 8 rings, constrict 8, tentacle
spike 3, camouflage 1, deterioration 1, sense surroundings 1, gelatinous body 1,
evolution 1
a: End Transformation


You were in the Dungeon.
You were not hungry.
One of your tentacles had a temporary spike.
You visited 1 branch You collected 19 gold pieces.

Inventory:

Missiles
 a - 12 arrows
Scrolls
 b - a scroll of enchant weapon {unknown}
 h - a scroll of torment {unknown}
 i - a scroll of blinking
 j - a scroll of random uselessness {unknown}
 k - a scroll of remove curse {unknown}
 m - a scroll of holy word {unknown}
 n - 3 scrolls of identify
Potions
 d - a potion of curing
 e - a potion of heal wounds
 f - a potion of haste
 g - 2 potions of magic
 l - 3 potions of flight
Comestibles
 c - 3 rations


   Skills:
 - Level 1.0 Fighting
 - Level 2.0 Dodging
 + Level 6.1 Unarmed Combat
 - Level 2.0 Spellcasting
 - Level 4.2 Transmutations


You had 5 spell levels left.
You knew the following spells:

 Your Spells              Type           Power        Failure   Level  Hunger
a - Beastly Appendage     Tmut           ##....       3%          1    #......

Your spell library contained the following spells:

 Spells                   Type           Power        Failure   Level  Hunger
 Sticks to Snakes         Tmut           ##......     6%          2    ###....
 Spider Form              Tmut/Pois      #.........   28%         3    ###....
 Ice Form                 Ice/Tmut       #.......     67%         4    #####..
 Blade Hands              Tmut           ##........   71%         5    ######.


Dungeon Overview and Level Annotations

Branches:
Dungeon (1/1)

Altars:


Innate Abilities, Weirdness & Mutations

You cannot wear most types of armour.
You are very stealthy in the water. (Stealth+)
You are amphibious.
You can wear up to eight rings at the same time.
You can use your tentacles to constrict eight enemies at once.
Your skin changes colour to match your surroundings (Stealth+).
Your rubbery body absorbs attacks. (AC +1, EV +1)
One of your tentacles bears a large vicious spike.
Your body sometimes deteriorates upon taking damage.
You passively map a small area around you.
You evolve.


Message History

A water elemental comes into view.
Okay, then.
Casting: Beastly Appendage (safe; 3% risk of failure)
Confirm with . or Enter, or press ? or * to list all spells.
Okay, then.
Casting: Beastly Appendage (safe; 3% risk of failure)
Confirm with . or Enter, or press ? or * to list all spells.
One of your tentacles grows a vicious spike.
You tentacle-slap the water elemental. You squeeze the water elemental!
The water elemental is moderately damaged.
The water elemental hits you!
The water elemental engulfs you in water!
You barely miss the water elemental.
The water elemental is moderately damaged.
The water elemental barely misses you.
You tentacle-slap the water elemental.
The water elemental is heavily damaged.
The water elemental hits you!
Ouch! That really hurt!
You die...

▓▓▓▓▓▓▓▓ ▓▓▓ <..#[..####
##.# * * *
...#......#####..#
..##.......#..#..# *
##.##.##...#..#..# #+#+#
*
##.##.###..##'#..#......
,
#.####.##..###..@E.⌠....
, *
.###..##..####...#...###
#.....##..###....# ⌠.#
###..##...##.....# .#
##..##....#......# * # _
#..###..##.#.....# * _ ,
#..# #..#####....# ,
▓▓▓▓ ▓▓▓▓ *▓▓▓▓▓▓* * **


You could see a water elemental.

Vanquished Creatures
  A human (D)
  A wolf (D)
  An ooze (D)
  3 rats (D)
6 creatures vanquished.

Vanquished Creatures (others)
  2 draconian scorchers (D)
  A yaktaur (D)
  6 hellions (D)
  3 plants (D)
12 creatures vanquished.

Grand Total: 18 creatures vanquished

Notes
Turn   | Place    | Note
-------+----------+-------------------------------------------
     0 | D        | HASTUR3 the Octopode Transmuter began the quest for the
                  | Orb.
     0 | D        | Reached XP level 1. HP: 13/13 MP: 3/3
    32 | D        | Reached XP level 2. HP: 18/18 MP: 5/5
    33 | D        | Killed a yaktaur
    59 | D        | Reached skill level 5 in Unarmed Combat
    59 | D        | Reached XP level 3. HP: 23/23 MP: 6/6
    70 | D        | Reached skill level 6 in Unarmed Combat
   102 | D        | Killed a hellion
   134 | D        | Killed a hellion
   136 | D        | Killed a hellion
   136 | D        | Killed a hellion
   137 | D        | Killed a hellion
   137 | D        | Killed a hellion
   165 | D        | Killed a white draconian scorcher
   178 | D        | Killed a white draconian scorcher
   362 | D        | Gained mutation: You are clumsy. (Dex -2) [potion of
                  | mutation]
   362 | D        | Gained mutation: Scrolls take you a little longer to read.
                  | [potion of mutation]
   362 | D        | Gained mutation: You have very sharp teeth. [potion of
                  | mutation]
   362 | D        | Gained mutation: You are covered in fur. (AC +1) [potion of
                  | mutation]
   363 | D        | Lost mutation: You are clumsy. (Dex -2) [potion of
                  | mutation]
   363 | D        | Lost mutation: Scrolls take you a little longer to read.
                  | [potion of mutation]
   363 | D        | Lost mutation: You are covered in fur. (AC +1) [potion of
                  | mutation]
   363 | D        | Gained mutation: Potions are less effective at restoring
                  | your health. [potion of mutation]
   363 | D        | Gained mutation: Your spells are a little easier to cast,
                  | but a little less powerful. [potion of mutation]
   363 | D        | Gained mutation: One of your tentacles bears a spike.
                  | [potion of mutation]
   363 | D        | Gained mutation: One of your tentacles bears a nasty spike.
                  | [potion of mutation]
   364 | D        | Lost mutation: Potions are less effective at restoring your
                  | health. [potion of mutation]
   364 | D        | Lost mutation: One of your tentacles bears a nasty spike.
                  | [potion of mutation]
   364 | D        | Lost mutation: Your spells are a little easier to cast, but
                  | a little less powerful. [potion of mutation]
   364 | D        | Gained mutation: Scrolls take you a little longer to read.
                  | [potion of mutation]
   364 | D        | Gained mutation: You are agile. (Dex +2) [potion of
                  | mutation]
   364 | D        | Gained mutation: Your mind is acute. (Int +2) [potion of
                  | mutation]
   365 | D        | Lost mutation: You are agile. (Dex +2) [potion of mutation]
   365 | D        | Lost mutation: One of your tentacles bears a spike. [potion
                  | of mutation]
   365 | D        | Lost mutation: Your mind is acute. (Int +2) [potion of
                  | mutation]
   365 | D        | Gained mutation: Your natural rate of healing is unusually
                  | fast. [potion of mutation]
   365 | D        | Gained mutation: You are partially covered in yellow
                  | scales. (AC +2) [potion of mutation]
   366 | D        | Lost mutation: Scrolls take you a little longer to read.
                  | [potion of mutation]
   366 | D        | Lost mutation: Your natural rate of healing is unusually
                  | fast. [potion of mutation]
   366 | D        | Gained mutation: Scrolls take you a little longer to read.
                  | [potion of mutation]
   366 | D        | Gained mutation: Your mind is acute. (Int +2) [potion of
                  | mutation]
   367 | D        | Lost mutation: Your mind is acute. (Int +2) [potion of
                  | mutation]
   367 | D        | Lost mutation: Scrolls take you a little longer to read.
                  | [potion of mutation]
   367 | D        | Lost mutation: You have very sharp teeth. [potion of
                  | mutation]
   367 | D        | Lost mutation: You are partially covered in yellow scales.
                  | (AC +2) [potion of mutation]
   367 | D        | Gained mutation: You evolve. [potion of mutation]
   367 | D        | Gained mutation: Your body sometimes deteriorates upon
                  | taking damage. [potion of mutation]
   367 | D        | Gained mutation: You passively map a small area around you.
                  | [potion of mutation]
   373 | D        | Noticed a water elemental
   377 | D        | Slain by a water elemental

Skill      XL: |  1  2  3 |
---------------+----------+-----
Transmutations | 4 |  4.2
Unarmed Combat | 5 6 |  6.1
Fighting       | |  1.0
Dodging        | |  2.0
Spellcasting   | |  2.0

Action                   || total
-------------------------++-------
Melee: Unarmed           ||    18
       Tentacles         ||     5
       Constrict         ||     3
 Cast: Beastly Appendage ||     1
  Use: Potion            ||     7
 Stab: Sleeping          ||     2
Armor: Skin              ||     1
Dodge: Dodged            ||    11
